 Dungeon Crawl Stone Soup version 0.16.2-3-ga078185 (webtiles) character file.

148 gorblad the Sneak (level 5, -12/35 HPs)
             Began as an Octopode Assassin on Sept 6, 2015.
             Was a Follower of Nemelex Xobeh.
             Mangled by an ogre
             ... wielding a cursed -1 giant club
              (25 damage)
             ... on level 4 of the Dungeon.
             The game lasted 00:12:31 (2864 turns).

gorblad the Sneak (Octopode Assassin)               Turns: 2864, Time: 00:12:31

Health: -12/35     AC:  2    Str: 10    XL:     5   Next: 30%
Magic:  5/5        EV: 13    Int: 13    God:    Nemelex Xobeh [*.....]
Gold:   83         SH:  0    Dex: 17    Spells: 0 memorised, 4 levels left

rFire  . . .     SeeInvis .     a - +2 dagger
rCold  . . .     Clarity  .     (no shield)
rNeg   . . .     SustAb   .     (helmet restricted)
rPois  .         Gourm    .     (no amulet)
rElec  .         Spirit   .     i - +1 ring of protection
rCorr  .         Warding  .     m - +2 ring of dexterity
rMut   .         Stasis   .     (no ring)
MR     .....                    (no ring)
Stlth  +++++.....               (no ring)
                                (no ring)
                                (no ring)
                                (no ring)

@: not resistant to hostile enchantments, quite stealthy
A: almost no armour, amphibious, 8 rings, constrict 8, camouflage 1, gelatinous
body 1
a: Renounce Religion


You were on level 4 of the Dungeon.
You worshipped Nemelex Xobeh.
Nemelex Xobeh was aware of your devotion.
You were hungry.

You visited 1 branch of the dungeon, and saw 4 of its levels.

You collected 83 gold pieces.

Inventory:

Hand weapons
 a - a +2 dagger (weapon)
 b - a +0 blowgun
Missiles
 e - 8 poisoned needles
 f - 2 curare-tipped needles
Jewellery
 i - a +1 ring of protection (left tentacle)
 m - a +2 ring of dexterity (right tentacle)
Magical devices
 n - a wand of frost (27)
 o - a wand of slowing (27)
Scrolls
 g - a scroll of magic mapping {unknown}
 j - 3 scrolls of remove curse
 p - a scroll of immolation
 r - a scroll of enchant weapon
 s - a scroll of amnesia
Potions
 c - a potion of flight
 d - a potion of magic {unknown}
 l - 2 potions of mutation {unknown}
Miscellaneous
 k - a plain deck of escape {drawn: 2}
 q - an ornate deck of escape {drawn: 3}
Comestibles
 h - 2 meat rations
 u - 2 bread rations


   Skills:
 + Level 2.6 Fighting
 + Level 2.4 Short Blades
 + Level 2.0 Throwing
 + Level 2.0 Dodging
 + Level 7.6 Stealth
 + Level 0.5 Evocations


You had 4 spell levels left.
You didn't know any spells.

Dungeon Overview and Level Annotations

Branches:
Dungeon (4/15)
 Temple: D:4-7

Altars:
Ashenzari
Nemelex Xobeh


Innate Abilities, Weirdness & Mutations

You cannot wear most types of armour.
You are amphibious.
You can wear up to eight rings at the same time.
You can use your tentacles to constrict many enemies at once.
Your skin changes colour to match your surroundings (Stealth).
Your rubbery body absorbs attacks (AC +1).


Message History

You squeeze the kobold.
You kill the kobold!
No target in view!
No target in view!
Found a glowing gilded ring.
You hit the ogre.
The ogre is lightly wounded.
The ogre hits you with a giant club!!
Ouch! That really hurt!
You hit the ogre but do no damage. Your squeeze misses the ogre.
The ogre is lightly wounded.
You hit the ogre.
The ogre is lightly wounded.
The ogre barely misses you.
You hit the ogre.
The ogre is moderately wounded.
The ogre hits you with a giant club!!
Ouch! That really hurt!
You die...
Your body disappears without a glow.

..# #...........# ..#
#...........# ..#
#...........# ..##
#.......รท...# ...##
#.....[(....##### ....#
#......(.?.....<##
..#.###...........##...#
..#.##.......###.###.#.#####
................@O....>......
####.#.####..###.###########
.....).# #..# #... ####...#
#..# ##### #...# #=.# ....#
#..# ###.## #..# ... .... #.
...


You could see an ogre.

Vanquished Creatures
  An iguana (D:4)
  4 gnolls (D:3)
  3 adders
  A giant mite (D:3)
  3 giant geckos
  2 oozes
  An orc (D:4)
  A ball python (D:1)
  6 hobgoblins
  A bat (D:3)
  6 giant cockroaches
  A giant newt (D:1)
  6 goblins
  7 kobolds
  2 quokkas
  4 rats (D:3)
49 creatures vanquished.

Notes
Turn   | Place    | Note
--------------------------------------------------------------
     0 | D:1      | gorblad, the Octopode Assassin, began the quest for the Orb.
     0 | D:1      | Reached XP level 1. HP: 14/14 MP: 1/1
   160 | D:1      | Reached XP level 2. HP: 19/19 MP: 2/2
   326 | D:1      | Found a sparkling altar of Nemelex Xobeh.
   333 | D:1      | Became a worshipper of Nemelex Xobeh the Trickster
   367 | D:1      | Reached skill level 6 in Stealth
   382 | D:1      | Received a gift from Nemelex Xobeh
  1082 | D:2      | Found a shattered altar of Ashenzari.
  1280 | D:2      | Reached XP level 3. HP: 17/24 MP: 3/3
  1297 | D:2      | Received a gift from Nemelex Xobeh
  1418 | D:3      | Reached XP level 4. HP: 27/30 MP: 4/4
  1687 | D:3      | Reached skill level 7 in Stealth
  2459 | D:4      | Noticed an ogre
  2463 | D:4      | Reached XP level 5. HP: 30/35 MP: 5/5
  2864 | D:4      | Mangled by an ogre

Action                   |  1- 3 |  4- 6 || total
-------------------------+-------+-------++-------
Melee: Dagger            |    40 |    54 ||    94
Evoke: Deck              |     3 |     2 ||     5
  Use: Scroll            |     4 |     4 ||     8
 Stab: Sleeping          |    14 |     5 ||    19
       Distracted        |       |     1 ||     1
  Eat: Bread ration      |     1 |       ||     1
       Fruit             |       |     1 ||     1
